 Dungeon Crawl Stone Soup version 0.23.0-3-gf3c87f2 (webtiles) character file.

Game seed: 18321566863893023353

171 dvd the Magician (level 5, -2/28 HPs)
             Began as a Deep Elf Transmuter on Feb 21, 2019.
             Killed from afar by an orc wizard (9 damage)
             ... with a magic dart
             ... on level 3 of the Dungeon.
             The game lasted 00:06:23 (3887 turns).

dvd the Magician (Deep Elf Transmuter)              Turns: 3887, Time: 00:06:24

Health: -2/28      AC:  2    Str:  7    XL:     5   Next: 26%
Magic:  11/13      EV: 21    Int: 19    God:
Gold:   149        SH:  0    Dex: 20    Spells: 6/12 levels left

rFire    . . .     SeeInvis .     - Unarmed
rCold    . . .     Gourm    .   (shield currently unavailable)
rNeg     . . .     Faith    .   (armour currently unavailable)
rPois    x         Spirit   .   (helmet currently unavailable)
rElec    .         Reflect  .   (cloak currently unavailable)
rCorr    .         Harm     .   (gloves currently unavailable)
MR       .....                  (boots currently unavailable)
Stlth    ++........             (no amulet)
HPRegen  0.09/turn              (no ring)
MPRegen  0.13/turn              (no ring)

@: spider-form
A: tiny
a: End Transformation


You were on level 3 of the Dungeon.
You were hungry.
You were a venomous arachnid creature.
You visited 1 branch of the dungeon, and saw 3 of its levels.

You collected 149 gold pieces.

Inventory:

Hand Weapons
 c - a +0 short sword (melded)
Missiles
 a - 12 arrows
Armour
 b - a +0 robe (melded)
 o - a cursed +0 pair of boots (melded)
Scrolls
 h - a scroll of fear {unknown}
 k - 6 scrolls of identify
 l - a scroll of remove curse
 m - a scroll of amnesia {unknown}
 n - 2 scrolls of noise {unknown}
 p - 2 scrolls of enchant armour {unknown}
 r - a scroll of teleportation
Potions
 e - 2 potions of might
 g - a potion of brilliance {unknown}
 i - 2 potions of curing
 j - a potion of cancellation {unknown}
 q - a potion of ambrosia {unknown}
Comestibles
 d - 5 rations
 f - 3 chunks of flesh


   Skills:
 + Level 0.8 Fighting
 + Level 0.1 Short Blades
 + Level 3.2 Dodging
 + Level 0.8 Stealth
 + Level 3.4 Unarmed Combat
 + Level 4.4 Spellcasting
 + Level 3.0 Transmutations
 + Level 1.7 Poison Magic


You had 6 spell levels left.
You knew the following spells:

 Your Spells              Type           Power        Failure   Level  Hunger
a - Beastly Appendage     Tmut           ###...       12%         1    None
b - Sticks to Snakes      Tmut           ###.....     17%         2    #......
c - Spider Form           Tmut/Pois      ##........   34%         3    ###....

Your spell library contained the following spells:

 Spells                   Type           Power        Failure   Level  Hunger
 Ice Form                 Ice/Tmut       #.......     77%         4    ####...
 Blade Hands              Tmut           ###.......   87%         5    ######.


Dungeon Overview and Level Annotations

Branches:
Dungeon (3/15)

Altars:
Nemelex Xobeh
Xom


Message History

The orc hits you.
You hit the orc wizard.
The orc wizard is lightly wounded.
The orc misses you. The orc wizard misses you.
You hit the orc.
You kill the orc!
Your Transmutations skill increases to level 3!
The orc wizard points at you and mumbles some strange words.
The magic dart hits you!
You hit the orc wizard but do no damage.
The orc wizard is poisoned.
The orc wizard is lightly wounded.
The orc wizard casts a spell at you. The magic dart hits you!
* * * LOW HITPOINT WARNING * * *
You hit the orc wizard.
The orc wizard is severely wounded.
The orc wizard points at you and mumbles some strange words.
The magic dart hits you!
You die...

# #_. ._ ####
#..#######..#
#...
#.oos†....#
#.##
#####.#####
######.## #'#
#.###........
#.#
#.#..>####†#.
#.###.#.###
#.#. #### ###
##.......#
#.#. #. #..
.............#
#.#. #. ##.##
#.#####.#...##
#.#. #. #...#
#.##....##.##
#.#.


You could see an orc wizard and an orc.

Vanquished Creatures
  An orc wizard (D:3)
  4 gnolls (D:3)
  An adder (D:3)
  An ooze (D:1)
  A dart slug (D:1)
  3 leopard geckos
  10 orcs (D:3)
  3 bats
  A giant cockroach (D:2)
  9 goblins
  7 hobgoblins
  12 jackals
  8 kobolds
  3 quokkas
  2 frilled lizards (D:2)
  2 rats (D:1)
68 creatures vanquished.

Notes
Turn   | Place    | Note
-------+----------+-------------------------------------------
     0 | D:1      | dvd the Deep Elf Transmuter began the quest for the Orb.
     0 | D:1      | Reached XP level 1. HP: 11/11 MP: 6/6
   424 | D:1      | Reached XP level 2. HP: 12/16 MP: 5/8
  1161 | D:1      | Learned a level 2 spell: Sticks to Snakes
  1667 | D:2      | Reached XP level 3. HP: 14/20 MP: 7/10
  1672 | D:2      | Learned a level 3 spell: Spider Form
  2462 | D:3      | Reached skill level 4 in Spellcasting
  2471 | D:3      | Reached XP level 4. HP: 12/24 MP: 9/12
  2631 | D:3      | Reached skill level 1 in Poison Magic
  2902 | D:3      | Found a sparkling altar of Nemelex Xobeh.
  3243 | D:3      | Reached XP level 5. HP: 26/28 MP: 3/13
  3535 | D:3      | Found a sparkling altar of Nemelex Xobeh.
  3878 | D:3      | Found a shimmering altar of Xom.
  3878 | D:3      | Found a faded altar of an unknown god.
  3887 | D:3      | Killed from afar by an orc wizard

Skill      XL: |  1  2  3  4  5 |
---------------+----------------+-----
Dodging        | 3 |  3.2
Spellcasting   | 4 |  4.4
Unarmed Combat | 3 |  3.4
Poison Magic   | 1 |  1.7
Transmutations | 3 |  3.0
Fighting       | |  0.8
Short Blades   | |  0.1
Stealth        | |  0.8

Action                   |  1- 3 |  4- 6 || total
-------------------------+-------+-------++-------
Melee: Unarmed           |   111 |    84 ||   195
       Headbutt          |    10 |       ||    10
       Short sword       |    13 |     3 ||    16
       Kick              |     9 |       ||     9
       Punch             |     1 |       ||     1
 Cast: Beastly Appendage |    14 |       ||    14
       Spider Form       |     7 |    16 ||    23
  Use: Scroll            |     1 |     2 ||     3
 Stab: Sleeping          |     2 |     3 ||     5
  Eat: Chunk             |     6 |     5 ||    11
Armor: Robe              |     8 |       ||     8
       Skin              |       |     3 ||     3
Dodge: Dodged            |    89 |    62 ||   151
